Map: Blood Boil LE

Players

Jason - Winner!

  • Race: Terran Terran
  • League: Grandmaster
  • Spawn Location: 5:00

Rob

  • Race: Protoss Protoss
  • League: Grandmaster
  • Spawn Location: 11:00

VOD

Have the link to the VOD?

Description

Time

  • Played on: May 14, 2019, 11:50 a.m.
  • Length: 5:53
Show
View Real Time Build Order
Export as new Build Order

Jason Terran - Winner!

Build Orders:  

Get SALT Encoding   

  12  0:00  Unknown  
  12  0:02  SCV  
  13  0:14  SCV  
  13  0:19  Supply Depot  
  14  0:27  SCV  
  15  0:32  Refinery  
  15  0:45  Barracks  
  15  0:49  SCV  
  16  1:02  SCV  
  17  1:15  SCV  
  17  1:18  Refinery  
  18  1:32  Orbital Command  
  18  1:33  Barracks Reactor  
  18  1:47  Factory  
  18  1:54  Supply Depot  
  18  1:58  SCV  
  19  2:10  SCV  
  19  2:13  Marine x2  
  22  2:22  SCV  
  23  2:30  Factory Tech Lab  
  23  2:32  Starport, Marine  
  23  2:33  Marine  
  23  2:36  SCV  
  26  2:48  Siege Tank  
  29  2:54  Supply Depot  
  29  2:55  Marine  
  29  2:58  Marine  
  31  3:19  Marine x2  
  31  3:20  Medivac  
  31  3:25  Siege Tank  
  35  3:29  SCV  
  36  3:37  Marine x2  
  36  3:40  Supply Depot  
  38  3:54  Bunker  
  38  4:01  Siege Tank  
  41  4:09  Marine  
  42  4:10  Marine  
  43  4:21  Bunker  
  43  4:23  Bunker  
  43  4:24  Bunker  
  43  4:27  Marine  
  43  4:30  Bunker  
  44  4:45  Siege Tank, Marine  
  38  4:47  Marine  
  39  5:00  Bunker  
  39  5:03  Marine  
  39  5:04  Bunker  
  40  5:09  Viking  
  40  5:12  Marine  
  43  5:21  Marine  
  47  5:39  Bunker  
Show
View Real Time Build Order
Export as new Build Order

Rob Protoss 

Build Orders: 1 Gate Expand 

Get SALT Encoding   

  12  0:00  Unknown  
  12  0:01  Probe  
  13  0:13  Probe  
  14  0:20  Pylon  
  14  0:25  Probe  
  15  0:36  Probe  
  15  0:38  Gateway  
  16  0:44  Probe  
  16  0:49  Assimilator  
  17  0:54  Probe  
  18  1:06  Probe  
  19  1:18  Probe  
  20  1:25  Nexus  
  20  1:37  Cybernetics Core  
  20  1:38  Probe  
  21  1:46  Pylon  
  21  1:49  Assimilator  
  21  1:51  Zealot  
  23  2:09  Adept  
  23  2:14  Robotics Facility  
  25  2:26  Shield Battery  
  25  2:29  Warp Gate  
  25  2:30  Stalker  
  25  2:32  Probe  
  26  2:44  Probe  
  29  2:56  Probe, Pylon  
  29  3:03  Stalker  
  31  3:14  Immortal  
  31  3:32  Gateway  
  31  3:40  Robotics Facility  
  31  3:52  Immortal  
  35  4:18  Stalker  
  37  4:30  Stalker  
  39  4:36  Warp Prism  
  29  4:59  Stalker  
  31  5:06  Immortal  
  35  5:27  Shield Battery  
Tags
 
Add a new tag
Caveats
  • Supply blocks, unpowered buildings, or Contaminate may cause inaccurate times.
  • Supply counts are checked every 10 seconds.